 Dungeon Crawl Stone Soup version 0.19.0-22-gd96e5fe (webtiles) character file.

24166 dvd the Summoner (level 12, -1/58 HPs)
             Began as a Felid Summoner on Nov 18, 2016.
             Was the Champion of Dithmenos.
             Slain by a shambling mangrove (39 damage)
             ... on level 1 of the Swamp on Nov 19, 2016.
             The game lasted 04:07:41 (34959 turns).

dvd the Summoner (Felid Summoner)                  Turns: 34959, Time: 04:07:42

Health: -1/58      AC: 11    Str:  5    XL:     12   Next: 78%
Magic:  4/41       EV: 14    Int: 20    God:    Dithmenos [******]
Gold:   2249       SH:  0    Dex: 17    Spells: 11 memorised, 6 levels left
                                        Lives:  0   Deaths: 2

rFire  . . .     SeeInvis +       - Unarmed
rCold  + + .     Gourm    .     (armour unavailable)
rNeg   . . .     Faith    .     (shield unavailable)
rPois  .         Spirit   .     (helmet unavailable)
rElec  .         Reflect  .     (cloak unavailable)
rCorr  .         Harm     .     (gloves unavailable)
MR     +....                    (boots unavailable)
Stlth  ++++......               y - amulet of magic regeneration
                                S - +6 ring of protection
                                c - ring of magical power

@: grasped by roots, very slightly contaminated, wreathed by umbra, repel
missiles, slow
A: no armour, no weapons or thrown items, stealth, claws 1, fangs 3, horns 1,
iridescent scales 1, see invisible, carnivore 3, cold resistance 1, speed 1,
high mp 1, screaming 1, shaggy fur 3, slow metabolism 1, sharp paws
a: Shadow Step, Shadow Form, Renounce Religion


You were on level 1 of the Swamp.
You worshipped Dithmenos.
Dithmenos was exalted by your worship.
You were very full.

You visited 6 branches of the dungeon, and saw 27 of its levels.

You collected 2777 gold pieces.
You spent 528 gold pieces at shops.

Inventory:

Jewellery
 c - a ring of magical power (left paw)
 h - an uncursed amulet of rage
 p - an uncursed ring of fire
 y - an amulet of magic regeneration (around neck)
 B - a +5 amulet of reflection
 D - the amulet of Ekuoce {Gourm rC+}
   (You found it on level 3 of the Lair of Beasts)

   [amulet of the gourmand]

   It allows you to eat raw meat even when not hungry.
   It protects you from cold.
 K - an uncursed ring of ice
 N - an uncursed amulet of guardian spirit
 S - a +6 ring of protection (right paw)
Wands
 n - a wand of digging (15/24)
 t - a wand of iceblast (10/15)
 u - a wand of digging (4/24)
 v - a wand of paralysis (13/24)
 E - a wand of teleportation (7/9)
 J - a wand of lightning (10/15)
 O - a wand of slowing (34/48)
Scrolls
 i - 3 scrolls of remove curse
 m - a scroll of blinking
 o - 16 scrolls of identify
 x - a scroll of magic mapping
 z - 3 scrolls of teleportation
 A - a scroll of holy word
 H - a scroll of amnesia
 R - a scroll of recharging
Potions
 e - 4 potions of flight
 f - 5 potions of curing
 g - 5 potions of resistance
 j - 2 potions of heal wounds
 w - 2 potions of agility
 C - 3 potions of brilliance
 F - a potion of ambrosia
 Q - a potion of magic
Books
 a - a book of Callings

   Spells                             Type                      Level
   a - Summon Small Mammal            Summoning                    1
   b - Call Imp                       Summoning                    2
   c - Call Canine Familiar           Summoning                    3
   d - Summon Guardian Golem          Hexes/Summoning              3
   e - Summon Lightning Spire         Summoning/Air                4
   f - Summon Ice Beast               Ice/Summoning                4
 d - a book of Minor Magic

   Spells                             Type                      Level
   a - Magic Dart                     Conjuration                  1
   b - Blink                          Translocation                2
   c - Call Imp                       Summoning                    2
   d - Repel Missiles                 Charms/Air                   2
   e - Slow                           Hexes                        2
   f - Conjure Flame                  Conjuration/Fire             3
   g - Mephitic Cloud                 Conjuration/Poison/Air       3
 q - a book of Misfortune

   Spells                             Type                      Level
   a - Confusing Touch                Hexes                        1
   b - Confuse                        Hexes                        3
   c - Gell's Gravitas                Hexes/Translocation          3
   d - Petrify                        Transmutation/Earth          4
   e - Metabolic Englaciation         Hexes/Ice                    5
   f - Yara's Violent Unravelling     Hexes/Transmutation          5
 r - a book of Cantrips

   Spells                             Type                      Level
   a - Confusing Touch                Hexes                        1
   b - Animate Skeleton               Necromancy                   1
   c - Summon Small Mammal            Summoning                    1
   d - Apportation                    Translocation                1
 G - a book of Battle

   Spells                             Type                      Level
   a - Infusion                       Charms                       1
   b - Shroud of Golubria             Charms/Translocation         2
   c - Song of Slaying                Charms                       2
   d - Spectral Weapon                Hexes/Charms                 3
   e - Regeneration                   Charms/Necromancy            3
 L - a book of Party Tricks

   Spells                             Type                      Level
   a - Summon Butterflies             Summoning                    1
   b - Apportation                    Translocation                1
   c - Lesser Beckoning               Translocation                3
   d - Tukima's Dance                 Hexes                        3
   e - Alistair's Intoxication        Transmutation/Poison         5
   f - Invisibility                   Hexes                        6
 M - a book of Clouds

   Spells                             Type                      Level
   a - Mephitic Cloud                 Conjuration/Poison/Air       3
   b - Conjure Flame                  Conjuration/Fire             3
   c - Poisonous Cloud                Conjuration/Poison/Air       6
   d - Freezing Cloud                 Conjuration/Ice/Air          6
   e - Ring of Flames                 Charms/Fire                  7
 P - a book of Debilitation

   Spells                             Type                      Level
   a - Corona                         Hexes                        1
   b - Slow                           Hexes                        2
   c - Gell's Gravitas                Hexes/Translocation          3
   d - Inner Flame                    Hexes/Fire                   3
   e - Cause Fear                     Hexes                        4
   f - Leda's Liquefaction            Hexes/Earth                  4
Miscellaneous
 s - a phial of floods
 I - a box of beasts
Comestibles
 b - 7 meat rations
 k - 13 slices of pizza
 l - 7 beef jerkies


   Skills:
 + Level 10.2 Fighting
 + Level 5.2 Dodging
 + Level 8.2 Stealth
 + Level 4.3 Unarmed Combat
 + Level 13.0 Spellcasting
 + Level 8.4 Hexes
 + Level 2.4 Charms
 * Level 13.2 Summonings
 + Level 1.0 Necromancy
 + Level 5.1 Translocations
 + Level 6.1 Ice Magic
 + Level 7.5 Air Magic
 + Level 0.7 Evocations


You had 6 spell levels left.
You knew the following spells:

 Your Spells              Type           Power        Failure   Level  Hunger
a - Tukima's Dance        Hex            #####...     1%          3    None
b - Cause Fear            Hex            #####.....   1%          4    None
c - Call Canine Familiar  Summ           ######..     1%          3    None
d - Summon Lightning Spi  Summ/Air       ######..     1%          4    None
e - Confuse               Hex            #####...     1%          3    None
f - Repel Missiles        Chrm/Air       ####..       1%          2    None
g - Blink                 Tloc           N/A          1%          2    None
h - Summon Ice Beast      Ice/Summ       ######..     1%          4    None
i - Apportation           Tloc           ####......   1%          1    None
j - Shroud of Golubria    Chrm/Tloc      ####......   1%          2    None
k - Regeneration          Chrm/Necr      ###.......   10%         3    None


Dungeon Overview and Level Annotations

Branches:
Dungeon (15/15)            Temple (1/1) D:5            Lair (6/6) D:9
  Swamp (1/4) Lair:4        Snake (2/4) Lair:3        Slime (0/5) Lair:6
    Orc (2/2) D:12            Elf (0/3) Orc:2        Vaults (0/5) D:13
 Depths (0/5) D:15

Altars:
Ashenzari
Cheibriados
Dithmenos
Elyvilon
Fedhas
Gozag
Hepliaklqana
Kikubaaqudgha
Makhleb
Nemelex Xobeh
Okawaru
Qazlal
Ru
Sif Muna
Trog
Uskayaw
Vehumet
Xom
Yredelemnul
Zin
The Shining One

Shops:
Orc:2 (%[}

Portals:
Trove: D:12 (give 4 potions of cure mutation)

Annotations:
Snake:2 Jorgrun


Innate Abilities, Weirdness & Mutations

You cannot wear armour.
You are incapable of wielding weapons or throwing items.
Your paws allow you to move quietly. (Stealth)
You have sharp claws.
You have razor-sharp teeth.
You have supernaturally acute eyesight. (SInv)
You are carnivorous and can eat meat at any time.
You cover ground quickly.
Your thick and shaggy fur keeps you warm. (AC +3, rC+)
You have a slow metabolism.
Your sharp claws are effective at attacking unaware monsters.
You have a pair of small horns on your head.
You are partially covered in iridescent scales. (AC +2)
Your flesh is cold resistant. (rC+)
You have an increased reservoir of magic. (+10% MP)
You occasionally shout uncontrollably at your foes.


Message History

Confirm with . or Enter, or press ? or * to list all spells.
You don't know that spell.
Casting: Tukima's Dance
Confirm with . or Enter, or press ? or * to list all spells.
Aiming: Summon Lightning Spire
Press: ? - help, Dir - move target cursor, p - tyrant leech An electric hum fills the air.
The spriggan rider hits you but does no damage.
Unknown command.
Casting: Summon Lightning Spire
Confirm with . or Enter, or press ? or * to list all spells.
You blink.
Splash!
You fall into the shallow water.
Moving in this stuff is going to be slow.
Your ice beast hits the tyrant leech.
Your ice beast freezes the tyrant leech!
The shambling mangrove hits you!!!
Ouch! That really hurt!
You die...

♣♣ ♣..♣♣♣♣♣ ≈≈ ♣♣
♣8§§♣§§♣♣♣♣ ≈≈≈ .♣
♣♣§§§§§§.≈♣ ≈≈≈. ≈♣
♣≈§§§§§§..♣♣ .≈≈.. ♣♣
♣≈..§≈§§≈F≈8≈♣♣...≈≈≈ ♣
♣...≈§≈§≈≈§≈≈iY§...≈≈≈≈
..≈≈≈≈≈≈.≈≈≈.≈≈≈....≈≈≈
..F≈≈≈≈≈≈.≈≈fw≈≈.♣≈..≈≈
♣
..≈≈≈≈≈≈..≈@≈≈≈...≈..≈≈
.
.≈≈≈≈§...≈≈≈≈≈≈≈≈≈≈≈≈≈.
≈ ..≈.≈≈≈≈≈≈≈≈≈≈≈≈n.≈ ≈
.♣♣.§≈≈≈≈≈≈≈≈≈≈≈≈.. ≈ .
♣..≈≈....≈≈..... ♣..
.....≈..♣..≈≈. ...
.≈≈..........≈. ..≈
.≈≈≈♣♣..$..♣♣♣♣ ...


You could see a shambling mangrove, a tyrant leech (confused), a spriggan rider,
a spiny frog, a friendly ice beast and a friendly lightning spire.

Vanquished Creatures
  A hydra (Lair:5)
  Sonja (Orc:2)
  An unseen horror (D:11)
  A salamander (Snake:2)
  An ugly thing (D:13)
  A manticore (D:15)
  2 centaur zombies (D:14)
  2 spiny frogs
  3 black mambas
  A tengu conjurer (D:15)
  A hornet (Swamp:1)
  A two-headed ogre (D:13)
  A slime creature (D:15)
  A meliai zombie (D:10)
  2 hippogriffs
  Eustachio (D:6)
  A yak (D:12)
  2 vampire mosquitoes
  A steam dragon (D:11)
  A mottled dragon (D:13)
  3 water moccasins
  4 orc warriors
  A black bear (D:12)
  A phantom (D:11)
  2 wolves (Lair:6)
  A centaur (D:9)
  3 crocodiles
  4 bullfrogs
  A wyvern zombie (D:12)
  2 scorpions
  A vampire bat (Lair:6)
  2 wights
  A bullfrog zombie (D:10)
  A hound (D:5)
  A human zombie (D:8)
  2 bullfrog skeletons (D:11)
  2 orc priests (Orc:1)
  3 centaur skeletons
  4 orc wizards
  An iguana (D:13)
  A human skeleton (D:8)
  3 worker ants
  A hound zombie (D:11)
  A mummy (D:8)
  A howler monkey zombie (D:10)
  5 adders
  A river rat (Lair:5)
  An ooze (D:3)
  An adder skeleton (D:10)
  2 leopard geckos
  12 orcs
  7 bats
  2 giant cockroaches
  A goblin (D:4)
  4 hobgoblins
  2 jackals
  A quokka (D:4)
  5 frilled lizards
  A quokka skeleton (D:6)
  A quokka zombie (D:5)
  3 rats
  A fungus (Lair:6)
  A plant (Lair:3)
124 creatures vanquished.

Vanquished Creatures (collateral kills)
  Rupert (Lair:4)
  Gastronok (Orc:1)
  Frances (D:12)
  Donald (Lair:3)
  Harold (Lair:4)
  Erolcha (Orc:1)
  A yaktaur captain (D:15)
  A great orb of eyes (shapeshifter) (D:15)
  Fannar (D:11)
  8 vault guards (D:13)
  3 naga warriors (Snake:1)
  5 anacondas
  11 hydras
  2 catoblepae
  2 centaur warriors
  A merfolk avatar (Lair:6)
  9 death yaks
  3 tengu warriors (D:15)
  3 orc high priests (Orc:2)
  A deep elf knight (Orc:2)
  3 naga sharpshooters
  2 shock serpents
  2 naga ritualists
  A sea snake (Lair:6)
  6 hill giants
  6 ugly things
  A harpy (Lair:6)
  5 orc sorcerers
  6 orc knights
  An oklob plant (Lair:3)
  A cyclops (D:13)
  3 salamanders
  4 manticores
  A guardian serpent (Snake:1)
  9 elephants
  Maurice (D:9)
  6 black mambas
  2 naga magi (Snake:1)
  11 spiny frogs
  A gargoyle (D:13)
  A kobold demonologist (D:12)
  A freezing wraith (D:11)
  6 rime drakes
  A yaktaur (shapeshifter) (D:14)
  9 komodo dragons
  3 tengu conjurers (D:15)
  6 trolls
  2 two-headed ogres
  A wind drake (Lair:6)
  3 polar bears (Lair:6)
  4 hornets
  A bog body (Swamp:1)
  4 slime creatures (D:15)
  5 hippogriffs
  7 dream sheep (Lair:5)
  2 centaur simulacra
  Sigmund (D:6)
  A shadow (D:13)
  8 wyverns
  A human (D:7)
  43 yaks
  2 hogs (D:7)
  2 basilisks
  2 hungry ghosts
  A steam dragon (D:8)
  2 wargs
  5 vampire mosquitoes
  10 nagas
  A mottled dragon (D:12)
  A swamp worm (Swamp:1)
  9 water moccasins
  5 porcupines
  21 orc warriors
  A swamp drake (Lair:4)
  An ice beast (D:5)
  2 sky beasts
  3 phantoms
  2 necrophages
  4 black bears
  8 ogres
  An eye of draining (D:14)
  20 wolves
  6 centaurs
  18 crocodiles
  A big kobold (D:9)
  11 bullfrogs
  A gnoll sergeant (D:7)
  An elf skeleton (D:8)
  A wyvern skeleton (D:6)
  3 scorpions
  A troll zombie (D:8)
  16 wights
  17 killer bees
  A troll skeleton (D:8)
  5 howler monkeys
  2 crimson imps
  4 centaur zombies
  3 quasits
  3 centaur skeletons
  5 hounds
  25 orc wizards
  Crazy Yiuf (D:6)
  3 bullfrog zombies
  25 orc priests
  A human zombie (D:8)
  A jelly (D:11)
  2 bullfrog skeletons
  A human skeleton (D:8)
  A gnoll shaman (Orc:1)
  6 worker ants
  3 iguanas
  2 hell rats (Lair:5)
  A hound zombie (D:9)
  A mummy (D:8)
  A howler monkey zombie (D:7)
  3 worker ant zombies
  11 river rats
  8 adders
  3 gnolls (Orc:1)
  A howler monkey skeleton (D:7)
  3 shadow imps
  An adder skeleton (D:5)
  An adder zombie (D:7)
  5 worms
  2 dart slugs (D:1)
  3 leopard geckos
  69 orcs
  2 ball pythons
  2 giant cockroaches
  10 goblins
  16 hobgoblins
  6 jackals (D:9)
  2 quokkas
  10 bats
  8 frilled lizards
  A giant cockroach zombie (D:5)
  13 kobolds
  An orc zombie (D:8)
  14 rats
  7 fungi
  A plant (Lair:6)
718 creatures vanquished.

Vanquished Creatures (others)
  A shock serpent (Snake:2)
  18 dancing weapons
  An iguana (D:6)
  An adder (D:11)
  8 bushes (Lair:6)
  8 fungi
  22 plants
59 creatures vanquished.

Grand Total: 901 creatures vanquished

Notes
Turn   | Place    | Note
-------+----------+-------------------------------------------
     0 | D:1      | dvd the Felid Summoner began the quest for the Orb.
     0 | D:1      | Reached XP level 1. HP: 7/7 MP: 4/4
   243 | D:1      | Reached XP level 2. HP: 6/11 MP: 4/6
   459 | D:1      | Learned a level 2 spell: Call Imp
  1566 | D:2      | Reached XP level 3. HP: 14/14 MP: 1/7
  2189 | D:2      | Learned a level 3 spell: Call Canine Familiar
  2791 | D:3      | Reached XP level 4. HP: 18/18 MP: 5/9
  2908 | D:3      | Found a sparkling altar of Nemelex Xobeh.
  3801 | D:4      | Reached skill level 1 in Fighting
  3801 | D:4      | Reached XP level 5. HP: 22/22 MP: 0/11
  3916 | D:4      | Found an opulent altar of Gozag.
  4449 | D:4      | Reached skill level 5 in Summonings
  5287 | D:5      | Entered Level 5 of the Dungeon
  5365 | D:5      | Gained mutation: You are covered in thick fur. (AC +2) [Felid growth]
  5365 | D:5      | Reached XP level 6. HP: 26/26 MP: 6/12
  5371 | D:5      | Learned a level 4 spell: Summon Lightning Spire
  5427 | D:5      | Noticed an orc warrior
  5432 | D:5      | Killed an orc warrior
  5666 | D:5      | Noticed an ice beast
  5681 | D:5      | Killed an ice beast
  5963 | D:5      | Learned a level 3 spell: Confuse
  6022 | D:5      | Found a shimmering altar of Xom.
  6220 | D:5      | Found a white marble altar of Elyvilon.
  6227 | D:5      | Found an ancient bone altar of Kikubaaqudgha.
  6227 | D:5      | Found a sacrificial altar of Ru.
  6228 | D:5      | Found a basalt altar of Yredelemnul.
  6262 | D:5      | Became a worshipper of Ru the Awakened
  6350 | D:5      | Found a staircase to the Ecumenical Temple.
  6598 | Temple   | Entered the Ecumenical Temple
  6795 | Temple   | Fell from the grace of Ru
  6795 | Temple   | Became a worshipper of Dithmenos the Shadowed
  6826 | D:5      | Reached XP level 7. HP: 30/30 MP: 8/14
  6995 | D:6      | Reached skill level 1 in Unarmed Combat
  7019 | D:6      | Noticed Eustachio
  7026 | D:6      | Gained mutation: You occasionally shout uncontrollably at your foes. [potion of mutation]
  7026 | D:6      | Gained mutation: Your magical capacity is low. (-10% MP) [potion of mutation]
  7026 | D:6      | Gained mutation: You evolve. [potion of mutation]
  7124 | D:6      | Reached skill level 1 in Air Magic
  7437 | D:5      | Gained mutation: Your flesh is cold resistant. (rC+) [potion of mutation]
  7437 | D:5      | Gained mutation: You are partially covered in iridescent scales. (AC +2) [potion of mutation]
  7438 | D:5      | Gained mutation: Your body sometimes deteriorates upon taking damage. [potion of mutation]
  7438 | D:5      | Gained mutation: You have a pair of small horns on your head. [potion of mutation]
  7438 | D:5      | Gained mutation: You tend to lose your temper in combat. [potion of mutation]
  7439 | D:5      | Gained mutation: You are resistant to electric shocks. (rElec) [potion of mutation]
  7498 | D:6      | Killed Eustachio
  7498 | D:6      | Reached skill level 1 in Hexes
  7989 | D:6      | Lost mutation: Your magical capacity is low. (-10% MP) [potion of cure mutation]
  7989 | D:6      | Lost mutation: Your body sometimes deteriorates upon taking damage. [potion of cure mutation]
  7989 | D:6      | Lost mutation: You tend to lose your temper in combat. [potion of cure mutation]
  7989 | D:6      | Lost mutation: You are resistant to electric shocks. (rElec) [potion of cure mutation]
  7989 | D:6      | Lost mutation: You evolve. [potion of cure mutation]
  8398 | D:6      | Learned a level 2 spell: Repel Missiles
  8428 | D:6      | Reached XP level 8. HP: 34/34 MP: 13/16
  8577 | D:6      | Noticed Sigmund
  8671 | D:6      | Found a runed door.
  8675 | D:6      | Noticed Crazy Yiuf
  8688 | D:6      | Killed Crazy Yiuf
  8748 | D:6      | Killed Sigmund
  8930 | D:7      | Noticed a hill giant
  9086 | D:7      | Reached skill level 5 in Spellcasting
  9091 | D:7      | Reached * piety under Dithmenos
  9141 | D:7      | Killed a hill giant
  9171 | D:7      | Found a shimmering altar of Xom.
  9258 | D:7      | Found an opulent altar of Gozag.
  9821 | D:7      | Reached skill level 5 in Stealth
  9864 | D:7      | Learned a level 2 spell: Blink
  9935 | D:7      | Reached XP level 9. HP: 39/39 MP: 19/19
 10288 | D:8      | Reached ** piety under Dithmenos
 10471 | D:8      | Found an iron altar of Okawaru.
 10471 | D:8      | Found a hazy altar of Hepliaklqana.
 10472 | D:8      | Found a deep blue altar of Sif Muna.
 10536 | D:8      | Reached skill level 5 in Fighting
 10677 | D:8      | Gained mutation: You have an increased reservoir of magic. (+10% MP) [potion of beneficial mutation]
 10739 | D:8      | Found a burning altar of Makhleb.
 10993 | D:8      | Found a basalt altar of Yredelemnul.
 11386 | D:8      | Learned a level 4 spell: Summon Ice Beast
 11738 | D:9      | Reached *** piety under Dithmenos
 11994 | D:9      | Reached skill level 5 in Air Magic
 12160 | D:9      | Reached **** piety under Dithmenos
 12313 | D:9      | Reached XP level 10. HP: 45/45 MP: 23/23
 12501 | D:9      | Found a staircase to the Lair.
 12615 | D:9      | Noticed Maurice
 12672 | D:9      | Killed Maurice
 12872 | D:9      | Upgraded the game from 0.19.0-20-gbc5f0c6 to 0.19.0-22-gd96e5fe
 12883 | D:10     | Entered Level 10 of the Dungeon
 12888 | D:10     | Reached skill level 1 in Ice Magic
 14317 | D:11     | HP: 1/46 [orc priest/divine providence (7)]
 14601 | D:11     | Reached skill level 1 in Translocations
 14648 | D:11     | Reached ***** piety under Dithmenos
 14877 | D:11     | Noticed Fannar
 14978 | Lair:1   | Entered Level 1 of the Lair of Beasts
 15092 | Lair:1   | Noticed a spiny frog
 15104 | Lair:1   | Killed a spiny frog
 16265 | Lair:2   | Noticed a spiny frog
 16276 | Lair:2   | Killed a spiny frog
 16429 | Lair:2   | Noticed a six-headed hydra
 16443 | Lair:2   | Killed a six-headed hydra
 16443 | Lair:2   | Reached XP level 11. HP: 50/50 MP: 19/26
 17016 | Lair:3   | Found a staircase to the Snake Pit.
 17064 | Lair:3   | Noticed a five-headed hydra
 17074 | Lair:3   | Found a deep blue altar of Sif Muna.
 17075 | Lair:3   | Noticed an oklob plant
 17094 | Lair:3   | Learned a level 1 spell: Apportation
 17099 | Lair:3   | Got a crude copper amulet
 17110 | Lair:3   | Identified the amulet of Ekuoce {Gourm rC+} (You found it on level 3 of the Lair of Beasts)
 17136 | Lair:3   | Killed a five-headed hydra
 17261 | Lair:3   | Noticed a death yak
 17265 | Lair:3   | Noticed a death yak
 17268 | Lair:3   | Noticed a death yak
 17268 | Lair:3   | Noticed a death yak
 17269 | Lair:3   | Noticed a death yak
 17272 | Lair:3   | Killed a death yak
 17313 | Lair:3   | Killed a death yak
 17811 | Lair:3   | Killed a death yak
 17818 | Lair:3   | Killed a death yak
 17831 | Lair:3   | Killed a death yak
 18241 | Lair:4   | Found a staircase to the Swamp.
 18279 | Lair:4   | Noticed Rupert
 18296 | Lair:4   | Killed Rupert
 18299 | Lair:4   | Noticed a five-headed hydra
 18307 | Lair:4   | Killed a five-headed hydra
 18396 | Lair:4   | Reached skill level 10 in Summonings
 18887 | Lair:4   | Noticed a six-headed hydra
 18893 | Lair:4   | Killed a six-headed hydra
 19242 | Lair:4   | Noticed Harold
 19271 | Lair:4   | Killed Harold
 19697 | Lair:5   | Gained mutation: Your thick and shaggy fur keeps you warm. (AC +3, rC+) [Felid growth]
 19697 | Lair:5   | Reached XP level 12. HP: 56/56 MP: 23/29
 19759 | Lair:5   | Noticed a seven-headed hydra
 19762 | Lair:5   | Noticed a death yak
 19774 | Lair:5   | Noticed a death yak
 19779 | Lair:5   | Killed a seven-headed hydra
 19941 | Lair:5   | Noticed a death yak
 19943 | Lair:5   | Noticed a death yak
 19950 | Lair:5   | Killed a death yak
 19957 | Lair:5   | Killed a death yak
 19957 | Lair:5   | Reached skill level 10 in Spellcasting
 19970 | Lair:5   | Killed a death yak
 19998 | Lair:5   | Killed a death yak
 20218 | Lair:5   | Learned a level 2 spell: Shroud of Golubria
 20222 | Lair:5   | Learned a level 3 spell: Regeneration
 20278 | Lair:5   | Noticed a seven-headed hydra
 20291 | Lair:5   | Killed a seven-headed hydra
 20644 | Lair:6   | Entered Level 6 of the Lair of Beasts
 20732 | Lair:6   | Noticed a five-headed hydra
 20743 | Lair:6   | Noticed an eight-headed hydra
 21366 | Lair:6   | Killed a five-headed hydra
 21463 | Lair:6   | Reached skill level 1 in Charms
 21751 | Lair:6   | Found a staircase to the Slime Pits.
 22202 | Lair:5   | Noticed an eight-headed hydra
 22210 | Lair:5   | Killed an eight-headed hydra
 22210 | Lair:5   | Reached ****** piety under Dithmenos
 22323 | Lair:6   | Noticed a five-headed hydra
 22347 | Lair:6   | Killed a five-headed hydra
 22548 | Lair:6   | Killed an eight-headed hydra
 22668 | Lair:6   | Noticed a merfolk avatar
 22684 | Lair:6   | Killed a merfolk avatar
 22898 | Lair:6   | Reached XP level 13. HP: 43/61 MP: 31/31
 22905 | Lair:6   | Reached skill level 5 in Hexes
 23503 | D:11     | Killed Fannar
 23746 | D:11     | Learned a level 3 spell: Tukima's Dance
 24033 | D:12     | Got a transparent copper ring
 24034 | D:12     | Identified the cursed ring of Wekk {*Corrode AC-5 Dex+4} (You found it on level 12 of the Dungeon)
 24147 | D:12     | Reached skill level 10 in Fighting
 24272 | D:12     | Found a portal to a secret trove of treasure.
 24534 | D:12     | Found a staircase to the Orcish Mines.
 24724 | D:12     | Noticed Frances
 24756 | D:12     | Killed Frances
 25210 | Orc:1    | Entered Level 1 of the Orcish Mines
 25302 | Orc:1    | Noticed Erolcha
 25320 | Orc:1    | Killed Erolcha
 25648 | Orc:2    | Entered Level 2 of the Orcish Mines
 25648 | Orc:2    | Noticed Sonja
 25667 | Orc:2    | Killed Sonja
 26071 | Orc:2    | Found a staircase to the Elven Halls.
 26739 | Orc:1    | Noticed Gastronok
 26748 | Orc:1    | Killed Gastronok
 26748 | Orc:1    | Reached skill level 5 in Ice Magic
 27295 | Orc:2    | Found Muyr's Gadget Emporium.
 27295 | Orc:2    | Found Qiomag's Antique Armour Emporium.
 27298 | Orc:2    | Found Cautsug's Food Shop.
 27298 | Orc:2    | Found Etaqowk's Antique Weapon Shop.
 27319 | Orc:2    | Bought a wand of teleportation (7/9) for 528 gold pieces
 28008 | D:13     | Found a gate to the Vaults.
 28598 | D:13     | Found a shattered altar of Ashenzari.
 28727 | D:14     | Paralysed by a hornet for 3 turns
 29161 | D:14     | Reached XP level 14. HP: 61/66 MP: 28/34
 29662 | D:15     | Entered Level 15 of the Dungeon
 30037 | D:15     | Reached skill level 5 in Translocations
 31074 | D:15     | Found a staircase to the Depths.
 31157 | D:15     | Reached skill level 1 in Necromancy
 31633 | Snake:1  | Entered Level 1 of the Snake Pit
 31778 | Snake:1  | Noticed Donald
 31967 | Lair:3   | Killed Donald
 32052 | Lair:3   | Learned a level 4 spell: Cause Fear
 33359 | Snake:1  | Reached skill level 5 in Dodging
 34155 | Snake:2  | Noticed Jorgrun
 34193 | Snake:2  | Killed from afar by Jorgrun
 34194 | Snake:2  | Reached XP level 13. HP: -4/61 MP: 30/42
 34248 | Snake:2  | Killed from afar by Jorgrun
 34249 | Snake:2  | Reached XP level 12. HP: -7/58 MP: 22/41
 34574 | Swamp:1  | Entered Level 1 of the Swamp
 34941 | Swamp:1  | Noticed an eight-headed hydra
 34949 | Swamp:1  | Killed an eight-headed hydra
 34959 | Swamp:1  | Slain by a shambling mangrove

Skill      XL: |  1  2  3  4  5  6  7  8  9 10 11 12 13 14 |
---------------+-------------------------------------------+-----
Stealth        | 3 4 5 6 7 8 |  8.2
Dodging        | 3 4 5 |  5.2
Spellcasting   | 3 4 6 7 8 9 13 12 | 13.0
Fighting       | 1 2 3 4 5 7 8 9 10 | 10.2
Summonings     | 5 6 7 8 9 10 11 12 13 | 13.2
Unarmed Combat | 1 2 3 4 |  4.3
Air Magic      | 2 4 5 6 7 |  7.5
Hexes          | 1 2 4 7 8 |  8.4
Ice Magic      | 2 3 4 5 6 |  6.1
Translocations | 1 2 4 5 |  5.1
Charms         | 1 2 |  2.4
Necromancy     | 1 |  1.0
Evocations     | |  0.7

Action                   |  1- 3 |  4- 6 |  7- 9 | 10-12 | 13-15 || total
-------------------------+-------+-------+-------+-------+-------++-------
Melee: Unarmed           |    44 |    39 |   102 |   212 |   215 ||   612
       Bite              |     4 |     2 |     6 |    24 |    28 ||    64
       Headbutt          |       |       |    12 |    33 |    39 ||    84
       Punch             |       |       |     1 |     5 |     3 ||     9
 Cast: Summon Small Mamm |    20 |       |       |       |       ||    20
       Call Imp          |    34 |    35 |    40 |     3 |       ||   112
       Call Canine Famil |     6 |    25 |    38 |    28 |    17 ||   114
       Confuse           |       |     3 |    18 |    83 |    88 ||   192
       Summon Lightning  |       |     3 |    66 |   146 |   178 ||   393
       Repel Missiles    |       |       |     2 |     3 |     3 ||     8
       Summon Ice Beast  |       |       |    10 |   219 |   202 ||   431
       Blink             |       |       |     1 |    13 |    18 ||    32
       Apportation       |       |       |       |     1 |     1 ||     2
       Regeneration      |       |       |       |    11 |    39 ||    50
       Shroud of Golubri |       |       |       |    10 |    14 ||    24
       Tukima's Dance    |       |       |       |     1 |    81 ||    82
Invok: Shadow Step       |       |       |       |     3 |     6 ||     9
Evoke: Wand              |       |       |       |     8 |     2 ||    10
  Use: Scroll            |       |     3 |    10 |    16 |    10 ||    39
       Potion            |       |       |    17 |     7 |     3 ||    27
 Stab: Sleeping          |     7 |     8 |     9 |    14 |    17 ||    55
       Confused          |       |       |     2 |    21 |    19 ||    42
       Distracted        |       |       |     2 |     4 |     5 ||    11
       Invisible         |       |       |       |     1 |       ||     1
  Eat: Chunk             |    13 |    11 |    26 |    47 |    29 ||   126
Armor: Skin              |     4 |     5 |    25 |    26 |    32 ||    92
Dodge: Dodged            |    40 |    40 |   175 |   259 |   263 ||   777
       Deflected         |       |       |     3 |     5 |    14 ||    22
Block: Other             |       |       |       |    11 |       ||    11
